 Dungeon Crawl Stone Soup version 0.19.0-22-gd96e5fe (webtiles) character file.

12193 evildog the Carver (level 11, -4/102 HPs)
             Began as a Minotaur Fighter on Nov 17, 2016.
             Was a High Priest of Okawaru.
             Slain by a seven-headed hydra (10 damage)
             ... on level 10 of the Dungeon on Nov 18, 2016.
             The game lasted 00:47:23 (12959 turns).

evildog the Carver (Minotaur Fighter)              Turns: 12959, Time: 00:47:24

Health: -4/102     AC: 11    Str: 22    XL:     11   Next: 59%
Magic:  13/13      EV:  8    Int:  5    God:    Okawaru [*****.]
Gold:   672        SH: 27    Dex: 12    Spells: 0 memorised, 10 levels left

rFire  . . .     SeeInvis .     M - +3 falchion
rCold  + . .     Gourm    .     v - +1 ring mail {rPois}
rNeg   + . .     Faith    .     j - +18 shield of the Gong {rElec rN+ MR+ EV-5}
rPois  +         Spirit   .     (helmet restricted)
rElec  +         Reflect  .     z - +0 cloak
rCorr  .         Harm     .     (no gloves)
MR     ++...                    F - +1 pair of boots
Stlth  +.........               (no amulet)
                                a - ring of protection from magic
                                t - ring of protection from cold

@: about to teleport
A: retaliatory headbutt, horns 2
a: Heroism, Finesse, Renounce Religion


You were on level 10 of the Dungeon.
You worshipped Okawaru.
Okawaru was extremely pleased with you.
You were not hungry.

You visited 2 branches of the dungeon, and saw 12 of its levels.

You collected 672 gold pieces.

Inventory:

Hand Weapons
 M - a +3 falchion (weapon)
Missiles
 s - 11 javelins
 K - 3 throwing nets (quivered)
Armour
 j - the +18 shield of the Gong (worn) {rElec rN+ MR+ EV-5}
   (You found it on level 8 of the Dungeon)

   It affects your evasion (-5).
   It insulates you from electricity.
   It protects you from negative energy.
   It affects your resistance to hostile enchantments.
 k - +0 fire dragon scales
 v - a +1 ring mail of poison resistance (worn)
 z - a +0 cloak (worn)
 F - a +1 pair of boots (worn)
Jewellery
 a - a ring of protection from magic (right hand)
 t - a ring of protection from cold (left hand)
 u - an uncursed ring of resist corrosion
Wands
 B - a wand of random effects (9/48)
 E - a wand of iceblast (0/15)
 G - a wand of lightning (0/15)
Scrolls
 d - 2 scrolls of noise {unknown}
 e - 7 scrolls of remove curse
 g - 4 scrolls of enchant weapon {unknown}
 o - a scroll of random uselessness {unknown}
 p - a scroll of teleportation
 q - 4 scrolls of magic mapping
 w - a scroll of amnesia {unknown}
 x - a scroll of blinking {unknown}
 y - 2 scrolls of enchant armour {unknown}
 A - 5 scrolls of recharging {unknown}
Potions
 b - a potion of invisibility {unknown}
 l - 4 potions of brilliance {unknown}
 m - 3 potions of resistance
 n - a potion of curing
 C - a potion of heal wounds {unknown}
 D - 2 potions of mutation {unknown}
 I - a potion of cure mutation
 L - a potion of lignification {unknown}
Comestibles
 c - 6 chunks of flesh
 f - 13 bread rations
 h - 6 beef jerkies
 i - 5 slices of pizza
 r - 8 meat rations
 H - 2 royal jellies
 J - 2 mutagenic chunks of flesh


   Skills:
 - Level 11.1 Fighting
 - Level 14.3 Long Blades
 - Level 7.7 Armour
 * Level 8.2 Dodging
 - Level 4.0 Shields
 + Level 4.8 Invocations


You had 10 spell levels left.
You didn't know any spells.

Dungeon Overview and Level Annotations

Branches:
Dungeon (11/15)            Temple (1/1) D:6            Lair (0/6) D:11
    Orc: D:9-12

Altars:
Ashenzari
Cheibriados
Dithmenos
Elyvilon
Fedhas
Gozag
Hepliaklqana
Kikubaaqudgha
Makhleb
Nemelex Xobeh
Okawaru
Qazlal
Ru
Sif Muna
Trog
Uskayaw
Vehumet
Xom
Yredelemnul
Zin
The Shining One

Shops:
D:8 :   D:9 *(


Innate Abilities, Weirdness & Mutations

You reflexively headbutt those who attack you in melee.
You have a pair of horns on your head.


Message History

SHROANNG!
Something bites you but does no damage. Something bites you!
Something bites you. x2; Something bites you!
You climb upwards.
There is a stone staircase leading down, spattered with blood here.
Something bites you! x2; Something bites you.
Something bites you but does no damage. You block something's attack.
GONNNNG!
Something bites you!
* * * LOW HITPOINT WARNING * * *
Something bites you.
* * * LOW HITPOINT WARNING * * *
As you read the scroll of teleportation, it crumbles to dust.
You feel strangely unstable. Something bites you but does no damage.
Something bites you.
* * * LOW HITPOINT WARNING * * *
Something bites you but does no damage. Something bites you!
* * * LOW HITPOINT WARNING * * *
Something bites you but does no damage. Something bites you!
You die...

####### ########
#.....### ########
.......#
#.....'.#####.......
.......#
#.[[[.#....##.......
.......#
#..>..####..........
.......##### #..@..#
####.......
...........###.....#
#.......
.......###...'.....#
#####.## >......#
#####<....# #)#
####.### ##'#### #.#
#.## #.# ####'##
#..# #.# #.....#
##.# #.# #.....#
#####.## #.# #.....#


There were no monsters in sight!

Vanquished Creatures
  Harold (D:10)
  A fire dragon (D:8)
  The ghost of Philosophy the Fighter, a novice HOFi of Okawaru (D:8)
  An unseen horror (D:10)
  3 hill giants
  An ugly thing (D:11)
  The ghost of Apogee the Thaumaturge, a novice DEFE (D:5)
  A troll (D:11)
  2 hornets
  A two-headed ogre (D:9)
  A hippogriff (D:10)
  Sigmund (D:5)
  A spriggan (D:7)
  6 yaks (D:9)
  2 wyverns
  Grum (D:10)
  Edmund (D:5)
  Menkaure (D:7)
  5 ice beasts
  An orc warrior (D:8)
  2 sky beasts
  2 black bears
  An eye of draining (D:10)
  7 ogres
  A necrophage (D:11)
  3 wolves (D:10)
  4 centaurs
  5 bullfrogs
  A wyvern skeleton (D:8)
  The ghost of Philosophy the Shield-Bearer, a weakling HOFi (D:3)
  4 scorpions
  4 killer bees (D:8)
  5 howler monkeys
  2 crimson imps (D:9)
  A centaur zombie (D:6)
  4 jellies
  2 quasits (D:6)
  A bullfrog zombie (D:9)
  5 hounds
  A gnoll shaman (D:6)
  7 orc priests
  5 orc wizards
  2 bullfrog skeletons
  3 iguanas
  9 worker ants
  A killer bee zombie (D:6)
  A hound zombie (D:5)
  3 hound skeletons
  2 worker ant zombies
  2 howler monkey skeletons
  12 adders
  4 gnolls (D:6)
  3 shadow imps
  2 oozes
  4 dart slugs
  4 leopard geckos
  17 orcs
  11 bats
  6 giant cockroaches
  7 goblins
  6 hobgoblins
  13 jackals
  10 kobolds
  7 quokkas
  5 frilled lizards
  A jackal zombie (D:4)
  A leopard gecko zombie (D:9)
  A quokka skeleton (D:4)
  A quokka zombie (D:6)
  7 rats
246 creatures vanquished.

Vanquished Creatures (others)
  A big kobold (D:11)
  6 kobolds (D:11)
7 creatures vanquished.

Grand Total: 253 creatures vanquished

Notes
Turn   | Place    | Note
-------+----------+-------------------------------------------
     0 | D:1      | evildog the Minotaur Fighter began the quest for the Orb.
     0 | D:1      | Reached XP level 1. HP: 19/19 MP: 0/0
    28 | D:1      | Reached skill level 3 in Long Blades
    77 | D:1      | Reached XP level 2. HP: 21/26 MP: 1/1
   310 | D:1      | Reached skill level 4 in Long Blades
   511 | D:2      | Reached XP level 3. HP: 31/31 MP: 2/2
  1007 | D:2      | Reached skill level 5 in Long Blades
  1456 | D:2      | Reached XP level 4. HP: 33/39 MP: 3/3
  2064 | D:3      | Reached skill level 6 in Long Blades
  2231 | D:3      | Reached XP level 5. HP: 45/45 MP: 4/4
  2433 | D:3      | Noticed Philosophy's ghost (weakling HOFi)
  2443 | D:3      | Killed Philosophy's ghost
  2578 | D:4      | Reached skill level 7 in Long Blades
  2854 | D:4      | Reached XP level 6. HP: 48/51 MP: 5/5
  2861 | D:4      | Reached skill level 8 in Long Blades
  3265 | D:5      | Entered Level 5 of the Dungeon
  3284 | D:5      | Noticed Edmund
  3317 | D:5      | Killed Edmund
  3317 | D:5      | Reached skill level 9 in Long Blades
  3317 | D:5      | Reached XP level 7. HP: 38/60 MP: 6/6
  3491 | D:5      | Noticed Sigmund
  3497 | D:5      | Killed Sigmund
  3497 | D:5      | Reached skill level 5 in Fighting
  3756 | D:5      | Noticed Apogee's ghost (novice DEFE)
  3941 | D:5      | Killed Apogee's ghost
  3941 | D:5      | Reached skill level 10 in Long Blades
  3941 | D:5      | Reached XP level 8. HP: 17/70 MP: 7/7
  4530 | D:5      | Reached skill level 11 in Long Blades
  5009 | D:6      | Found a staircase to the Ecumenical Temple.
  5018 | D:6      | Reached skill level 12 in Long Blades
  5022 | Temple   | Entered the Ecumenical Temple
  5080 | Temple   | Became a worshipper of Warmaster Okawaru
  5395 | D:6      | Reached XP level 9. HP: 63/80 MP: 8/8
  6088 | D:7      | Noticed Menkaure
  6104 | D:7      | Killed Menkaure
  6457 | D:7      | Reached * piety under Okawaru
  6457 | D:7      | Reached skill level 13 in Long Blades
  6692 | D:8      | Noticed Philosophy's ghost (novice HOFi)
  7721 | D:8      | Found Doto's Book Boutique.
  7768 | D:8      | Got a brightly glowing robe
  7784 | D:8      | Identified the cursed +1 robe "Qolonaik" {-Tele +Fly Str+6} (You found it on level 8 of the Dungeon)
  7858 | D:8      | Noticed a hill giant
  8009 | D:7      | Upgraded the game from 0.19.0-20-gbc5f0c6 to 0.19.0-22-gd96e5fe
  8094 | D:8      | Reached skill level 1 in Invocations
  8198 | D:8      | Killed a hill giant
  8198 | D:8      | Reached ** piety under Okawaru
  8198 | D:8      | Reached skill level 5 in Armour
  8553 | D:8      | Reached XP level 10. HP: 89/91 MP: 10/10
  8912 | D:8      | Noticed a fire dragon
  9177 | D:9      | Reached *** piety under Okawaru
  9502 | D:9      | Found Rem Juakh's Assorted Antiques.
  9588 | D:9      | Reached skill level 14 in Long Blades
  9708 | D:9      | Reached skill level 10 in Fighting
 10268 | D:9      | Found Antaq's Weapon Boutique.
 10472 | D:10     | Entered Level 10 of the Dungeon
 10477 | D:10     | Reached **** piety under Okawaru
 10916 | D:8      | Killed a fire dragon
 11541 | D:8      | Killed Philosophy's ghost
 11541 | D:8      | Reached skill level 1 in Dodging
 11541 | D:8      | Reached XP level 11. HP: 80/102 MP: 13/13
 11607 | D:10     | Reached ***** piety under Okawaru
 11613 | D:10     | Noticed Harold
 11640 | D:10     | Killed Harold
 11776 | D:10     | Killed an unseen horror
 11776 | D:10     | Reached skill level 5 in Dodging
 12079 | D:10     | Noticed a hill giant
 12097 | D:10     | Killed a hill giant
 12220 | D:10     | Noticed Grum
 12238 | D:10     | Killed Grum
 12683 | D:11     | Noticed a hill giant
 12694 | D:11     | Killed a hill giant
 12822 | D:11     | Noticed a purple ugly thing
 12848 | D:11     | Killed a purple ugly thing
 12859 | D:11     | Gained mutation: Armour fits poorly on your strangely shaped body. [mutagenic meat]
 12860 | D:11     | Gained mutation: Your body sometimes deteriorates upon taking damage. [mutagenic meat]
 12860 | D:11     | Lost mutation: Your body sometimes deteriorates upon taking damage. [potion of cure mutation]
 12860 | D:11     | Lost mutation: Armour fits poorly on your strangely shaped body. [potion of cure mutation]
 12935 | D:11     | Found a staircase to the Lair.
 12942 | D:11     | Noticed a seven-headed hydra
 12959 | D:10     | Slain by a seven-headed hydra

Skill      XL: |  1  2  3  4  5  6  7  8  9 10 11 |
---------------+----------------------------------+-----
Long Blades    | 3 4 5 6 7 9 10 12 13 14 | 14.3
Fighting       | 4 6 7 9 11 | 11.1
Armour         | 5 7 |  7.7
Invocations    | 2 4 |  4.8
Dodging        | 1 8 |  8.2
Shields        | 4 |  4.0

Action                   |  1- 3 |  4- 6 |  7- 9 | 10-12 || total
-------------------------+-------+-------+-------+-------++-------
Melee: Long sword        |   111 |   147 |   140 |       ||   398
       Headbutt          |    12 |    22 |    74 |   119 ||   227
       Falchion          |       |       |   185 |   431 ||   616
Throw: Javelin           |       |    15 |    20 |     3 ||    38
Invok: Heroism           |       |       |     1 |     1 ||     2
Evoke: Wand              |       |       |    11 |     9 ||    20
       Fan of gales      |       |       |       |     1 ||     1
  Use: Potion            |       |     1 |     3 |     4 ||     8
       Scroll            |       |       |    10 |     2 ||    12
  Eat: Chunk             |     1 |     7 |    15 |    17 ||    40
       Fruit             |       |       |     1 |       ||     1
Armor: Scale mail        |    47 |    57 |   114 |    36 ||   254
       Chain mail        |       |       |       |    10 ||    10
       Fire dragon scale |       |       |       |     4 ||     4
       Ring mail         |       |       |       |    27 ||    27
Dodge: Dodged            |    33 |    39 |    76 |    38 ||   186
Block: Shield            |    61 |    87 |   125 |   214 ||   487
       Rpst.: Long sword |     8 |    10 |     2 |       ||    20
       Falchion          |       |       |    11 |    10 ||    21
